 Dungeon Crawl Stone Soup version 0.31-a0-240-gb923e448b6 (webtiles) character file.

Game seed: 12001213456762826111

29 Essalna the Changeling (level 3, -1/28 HPs)
             Began as a Merfolk Shapeshifter on July 12, 2023.
             Slain by a frilled lizard (2 damage)
             ... on level 2 of the Dungeon.
             The game lasted 00:01:39 (890 turns).

Essalna the Changeling (Merfolk Shapeshifter)        Turns: 890, Time: 00:01:40

Health: -1/28      AC:  2    Str: 15    XL:     3   Next: 16%
Magic:  3/3        EV: 13    Int:  7    God:
Gold:   66         SH:  0    Dex: 16    Spells: 2/2 levels left

rFire   . .          .
                       - Unarmed
rCold   . . .        (no shield)
rNeg    . . .        a - +0 animal skin
rPois   .            (helmet currently unavailable)
rElec   .            (cloak currently unavailable)
rCorr   .            (gloves currently unavailable)
SInv    .            (boots currently unavailable)
Will    .....        (no amulet)
Stlth   +            (no ring)
HPRegen 0.24/turn    (no ring)
MPRegen 0.08/turn

%: no passive effects
@: beast-form
A: beast (slay +3), (nimble swimmer 2), mertail
a: no special abilities


You were on level 2 of the Dungeon.
You were a hulking beast.
You visited 1 branch of the dungeon, and saw 2 of its levels.

You collected 66 gold pieces.

Inventory:

Armour
 a - a +0 animal skin (worn)
Talismans
 c - a beast talisman
 g - a beast talisman
 h - a beast talisman
Scrolls
 i - a scroll of poison {unknown}
Potions
 b - a potion of lignification
 d - a potion of heal wounds {unknown}
 e - a potion of curing {unknown}
 f - a potion of ambrosia {unknown}


   Skills:
 + Level 2.7 Fighting
 + Level 3.3 Dodging
 + Level 2.7 Unarmed Combat
 + Level 4.3 Shapeshifting


You had 2 spell levels left.
You didn't know any spells.
Your spell library was empty.

Dungeon Overview and Level Annotations

Branches:
Dungeon (2/15)

Altars:


Innate Abilities, Weirdness & Mutations

You are a hulking beast.
Your limbs bulge with bestial killing power. (Slay +3)
((You are very nimble when in or above water. (Stealth+, EV+, Speed+++)))
Your lower body shifts to a powerful aquatic tail in water.


Message History

The frilled lizard completely misses you.
The frilled lizard closely misses you. The frilled lizard barely misses you.
The frilled lizard bites you. The frilled lizard misses you.
The frilled lizard closely misses you. The frilled lizard closely misses you.
The frilled lizard bites you. The frilled lizard bites you.
The frilled lizard misses you. The frilled lizard barely misses you.
The frilled lizard misses you. The frilled lizard barely misses you.
The frilled lizard bites you. The frilled lizard bites you.
The frilled lizard bites you but does no damage.
The frilled lizard barely misses you. The frilled lizard bites you.
The frilled lizard bites you. The frilled lizard misses you.
The frilled lizard unfolds its giant frill.
The frilled lizard bites you.
* * * LOW HITPOINT WARNING * * *
The frilled lizard barely misses you. The frilled lizard barely misses you.
The frilled lizard bites you but does no damage.
The frilled lizard misses you. The frilled lizard closely misses you.
The frilled lizard bites you.
* * * LOW HITPOINT WARNING * * *
The frilled lizard bites you.
* * * LOW HITPOINT WARNING * * *
The frilled lizard bites you but does no damage.
The frilled lizard barely misses you. The frilled lizard bites you.
* * * LOW HITPOINT WARNING * * *
The frilled lizard bites you.
* * * LOW HITPOINT WARNING * * *
The frilled lizard bites you.
You die...

.≈≈≈.......###...
.#
≈≈.#####.######.##
#
≈....≈~........>#
.≈≈~#.≈~..###.#.#
. ###≈≈.# #####.#
# ...#.#.#
###.#...#
#.lh....#
#.#.###.# # #.# .#
..# .# #### #


You could see a frilled lizard.

Vanquished Creatures
  A worm (D:2)
  A dart slug (D:1)
  An endoplasm (D:1)
  4 goblins
  2 hobgoblins (D:1)
  2 jackals (D:1)
  A quokka (D:1)
  3 ball pythons (D:1)
  3 frilled lizards (D:1)
  A kobold (D:1)
  6 rats
25 creatures vanquished.

Notes
Turn   | Place    | Note
-------+----------+-------------------------------------------
     0 | D:1      | Essalna the Merfolk Shapeshifter began the quest for the
                  | Orb.
     0 | D:1      | Reached XP level 1. HP: 16/16 MP: 1/1
    52 | D:1      | Reached XP level 2. HP: 23/23 MP: 2/2
   197 | D:1      | Found a faded altar of an unknown god.
   494 | D:1      | Reached XP level 3. HP: 28/28 MP: 3/3
   889 | D:2      | HP: 1/28 [frilled lizard (2)]
   890 | D:2      | Slain by a frilled lizard

Illustrated notes

Levels and vault maps discovered:
D:1:      psy_arrival_whirlpool, layout_basic, basic_ecumenical_altar
D:2:      layout_basic, serial_rivers, chequers_serial_rivers_large_b,
          chequers_serial_rivers_small_b, chequers_serial_rivers_micro_d,
          chequers_serial_rivers_micro_e, chequers_serial_rivers_room_b,
          chequers_serial_rivers_small_b

Skill      XL: |  1  2 |
---------------+-------+-----
Dodging        | 3 |  3.3
Fighting       | |  2.7
Unarmed Combat | |  2.7
Shapeshifting  | |  4.3

Action                     || total
---------------------------++-------
  Melee: Unarmed           ||    54
         Tailslap          ||     1
         Punch             ||     1
   Stab: Sleeping          ||     1
 Armour: Animal skin       ||    28
  Dodge: Dodged            ||   149

Table legend: (Time is in decaauts)
 A = Elapsed time spent in this place.
 B = Non-inter-level travel time spent in this place.
 C = Inter-level travel time spent in this place.
 D = Time resting spent in this place.
 E = Time spent auto-exploring this place.
 F = Levels seen in this place.
 G = Mean time per level.
                   A        B        C        D        E       F      G
               +--------+--------+--------+--------+--------+-----+--------+
         Total |    885 |    872 |     13 |      0 |    505 |   2 |  442.5 |
       Dungeon |    885 |    872 |     13 |      0 |    505 |   2 |  442.5 |
               +--------+--------+--------+--------+--------+-----+--------+

Top non-repeatable levels by time:
     D:1: 567 daAuts
     D:2: 317 daAuts
